 Dungeon Crawl Stone Soup version 0.29-a0-330-g52719c12eb (webtiles) character file.

Game seed: 3751112588005223892

130 Anon1729 the Skirmisher (level 4, -5/41 HPs)
             Began as a Minotaur Monk on May 7, 2022.
             Was a Follower of Ru.
             Slain by a sky beast (6 damage)
             ... on level 3 of the Dungeon.
             The game lasted 00:02:38 (2614 turns).

Anon1729 the Skirmisher (Minotaur Monk)             Turns: 2614, Time: 00:02:39

Health: -5/41      AC:  4    Str: 16    XL:     4   Next: 90%
Magic:  3/3        EV: 13    Int:  7    God:    Ru [*.....]
Gold:   160        SH:  0    Dex: 14    Spells: 3/3 levels left

rFire   . . .      SeeInvis .   a - +0 falchion
rCold   . . .      Faith    .   (no shield)
rNeg    . . .      Spirit   .   b - +0 robe
rPois   .          Reflect  .   (helmet restricted)
rElec   .          Harm     .   (no cloak)
rCorr   .          Rampage  .   i - +1 pair of gloves
Will    .....      Rage     1%  (no boots)
Stlth   ++........              (no amulet)
HPRegen 0.13/turn               (no ring)
MPRegen 0.08/turn               (no ring)

@: no status effects
A: horns 2, inability to train armour, retaliatory headbutt, berserk 1
a: Renounce Religion


You were on level 3 of the Dungeon.
You worshipped Ru.
Ru was aware of your devotion.
You visited 1 branch of the dungeon, and saw 3 of its levels.

You collected 160 gold pieces.

Inventory:

Hand Weapons
 a - a +0 falchion (weapon)
 h - the +3 dagger "Foganan" {drain, Dex+4}
   (You found it on level 3 of the Dungeon)

   A truly terrible weapon, it drains the life of any living foe it strikes.
   Dex:       It affects your dexterity (+4).
Armour
 b - a +0 robe (worn)
 f - a +0 pair of gloves
 i - a +1 pair of gloves (worn)
Scrolls
 d - 2 scrolls of identify
 k - 2 scrolls of teleportation
 l - a scroll of blinking {unknown}
 m - a scroll of summoning {unknown}


   Skills:
 + Level 4.6 Fighting
 + Level 4.5 Long Blades
 + Level 4.2 Dodging
 + Level 2.6 Stealth


You had 3 spell levels left.
You didn't know any spells.
Your spell library contained the following spells:

 Spells                   Type           Power      Damage    Failure   Level
 Corpse Rot               Necr/Air       0%         N/A       56%         2
 Poisonous Vapours        Pois/Air       0%         N/A       56%         2


Dungeon Overview and Level Annotations

Branches:
Dungeon (3/15)

Altars:
Ru


Innate Abilities, Weirdness & Mutations

You have a pair of horns on your head.
You cannot train Armour skill.
You reflexively headbutt those who attack you in melee.
You tend to lose your temper in combat.


Message History

You closely miss something. Your headbutt misses something.
Something hits you but does no damage.
You are confused.
You feel invigorated. Something hits you but does no damage.
You bump into the rock wall.
Something hits you.
* * * LOW HITPOINT WARNING * * *
Something shocks you.
* * * LOW HITPOINT WARNING * * *
It was a potion of curing.
You feel better.
You feel less invigorated.
A sky beast appears from thin air!
Reactivating autopickup.
The sky beast misses you.
You barely miss the sky beast. Your headbutt misses the sky beast.
The sky beast flickers out of sight!
Deactivating autopickup; reactivate with Ctrl-A.
Something hits you. Something shocks you.
* * * LOW HITPOINT WARNING * * *
You aren't carrying any items that you can evoke.
It was a potion of mutation.
You feel extremely strange.
You feel a little pissed off. Something hits you but does no damage.
It was a potion of magic.
Magic courses through your body.
A sky beast appears from thin air!
Reactivating autopickup.
The sky beast barely misses you.
You closely miss the sky beast. Your headbutt misses the sky beast.
The sky beast flickers out of sight!
Deactivating autopickup; reactivate with Ctrl-A.
Something hits you.
* * * LOW HITPOINT WARNING * * *
Something shocks you.
* * * LOW HITPOINT WARNING * * *
You aren't carrying any potions.
As you read the scroll labelled QYTZUM KOPT, it crumbles to dust.
It is a scroll of identify.
k - 2 scrolls of teleportation Something hits you.
* * * LOW HITPOINT WARNING * * *
Something shocks you.
You die...

#.# #.# #.# #.#
#.# #.# #.# #.#
#.# #.# ######.#
#####
#......###.>....
#......$@†......
#########{######
.# .# .# ##


There were no monsters in sight!

Vanquished Creatures
  4 adders
  A worm (D:3)
  4 dart slugs
  2 orcs (D:3)
  6 bats
  6 endoplasms
  5 giant cockroaches
  11 hobgoblins
  3 jackals (D:2)
  4 kobolds
  2 quokkas
  5 ball pythons
  8 goblins
  11 rats
72 creatures vanquished.

Vanquished Creatures (others)
  An adder (D:3)
1 creature vanquished.

Grand Total: 73 creatures vanquished

Notes
Turn   | Place    | Note
-------+----------+-------------------------------------------
     0 | D:1      | Anon1729 the Minotaur Monk began the quest for the Orb.
     0 | D:1      | Reached XP level 1. HP: 19/19 MP: 0/0
   222 | D:1      | Reached XP level 2. HP: 27/27 MP: 1/1
   637 | D:1      | Reached XP level 3. HP: 33/33 MP: 2/2
  1482 | D:2      | Found a sacrificial altar of Ru.
  1492 | D:2      | Became a worshipper of Ru the Awakened
  1501 | D:2      | Gained mutation: You cannot train Armour skill. [Ru
                  | sacrifice]
  1501 | D:2      | Reached * piety under Ru
  1691 | D:2      | Reached XP level 4. HP: 41/41 MP: 3/3
  1994 | D:3      | Identified the +3 dagger "Foganan" {drain, Dex+4}
  2598 | D:3      | Noticed a sky beast
  2611 | D:3      | Gained mutation: You tend to lose your temper in combat.
                  | [potion of mutation]
  2614 | D:3      | HP: 1/41 [something (3)]
  2614 | D:3      | Slain by a sky beast

Illustrated notes

Levels and vault maps discovered:
D:1:      lemuel_arrival_tunnels, layout_basic, chequers_serial_rivers_micro_c,
          st_stairs_10
D:2:      layout_basic, basic_altar
D:3:      minmay_bubble_buster, layout_loops_ring, serial_shops, shop,
          nicolae_square_shop, shop, shapermc_ecumenical_altar_pompeii,
          minmay_snake_closets

Skill      XL: |  1  2  3  4 |
---------------+-------------+-----
Long Blades    | 4 |  4.5
Stealth        | 2 |  2.6
Fighting       | 4 |  4.6
Dodging        | 4 |  4.2

Action                   |  1- 3 |  4- 6 || total
-------------------------+-------+-------++-------
Melee: Falchion          |    94 |    57 ||   151
       Headbutt          |     9 |     7 ||    16
       Punch             |       |     2 ||     2
Invok: Sacrifice Durabil |     1 |       ||     1
  Use: Potion            |       |     4 ||     4
       Scroll            |       |     1 ||     1
 Stab: Sleeping          |     3 |     7 ||    10
Armor: Robe              |    19 |    11 ||    30
Dodge: Dodged            |    71 |    28 ||    99

Table legend: (Time is in decaauts)
 A = Elapsed time spent in this place.
 B = Non-inter-level travel time spent in this place.
 C = Inter-level travel time spent in this place.
 D = Time resting spent in this place.
 E = Time spent auto-exploring this place.
 F = Levels seen in this place.
 G = Mean time per level.
                   A        B        C        D        E       F      G
               +--------+--------+--------+--------+--------+-----+--------+
         Total |   2627 |   2551 |     76 |      0 |   2111 |   3 |  875.7 |
       Dungeon |   2627 |   2551 |     76 |      0 |   2111 |   3 |  875.7 |
               +--------+--------+--------+--------+--------+-----+--------+

Top non-repeatable levels by time:
     D:2: 1086 daAuts
     D:1: 907 daAuts
     D:3: 633 daAuts
